 Dungeon Crawl Stone Soup version 0.18.1-50-g88ac8fd (webtiles) character file.

142 nikopol the Chopper (level 5, -1/70 HPs)
             Began as a Hill Orc Berserker on Oct 16, 2016.
             Was a Believer of Trog.
             Slain by a wight
             ... wielding a cursed +2 falchion
              (10 damage)
             ... on level 3 of the Dungeon.
             The game lasted 00:03:26 (2330 turns).

nikopol the Chopper (Hill Orc Berserker)            Turns: 2330, Time: 00:03:27

Health: -1/70      AC:  6    Str: 26    XL:     5   Next: 24%
Magic:  5/5        EV: 10    Int:  7    God:    Trog [**....]
Gold:   80         SH:  0    Dex: 10    Spells: 0 memorised, 4 levels left

rFire  . . .     SeeInvis .     a - +0 hand axe
rCold  . . .     Gourm    .     h - +0 scale mail
rNeg   . . .     Faith    .     (no shield)
rPois  .         Spirit   .     (no helmet)
rElec  .         Dismiss  .     (no cloak)
rCorr  .         Reflect  .     (no gloves)
SustAt .         Harm     .     (no boots)
MR     .....                    (no amulet)
Stlth  ..........               (no ring)
                                (no ring)

@: berserking, drained, very quick, not resistant to hostile enchantments,
extremely unstealthy
A: no striking features
a: Berserk, Trog's Hand, Burn Spellbooks, Renounce Religion


You were on level 3 of the Dungeon.
You worshipped Trog.
Trog was pleased with you.
You were hungry.

You visited 1 branch of the dungeon, and saw 3 of its levels.

You collected 80 gold pieces.

Inventory:

Hand Weapons
 a - a +0 hand axe (weapon)
Armour
 b - a +0 animal skin
 h - a +0 scale mail (worn)
Scrolls
 i - a scroll of teleportation {unknown}
 k - a scroll of identify {unknown}
 l - a scroll of blinking {unknown}
 o - a scroll of enchant weapon {unknown}
 q - a scroll of remove curse {unknown}
 r - a scroll of enchant armour {unknown}
 s - a scroll of noise {unknown}
 u - a scroll of fear {unknown}
Potions
 d - a potion of curing {unknown}
 e - 3 potions of heal wounds {unknown}
 m - a potion of degeneration {unknown}
 n - 2 potions of flight {unknown}
 p - a potion of cancellation {unknown}
Comestibles
 c - 4 bread rations
 f - a slice of pizza
 g - 2 meat rations
 j - a beef jerky
 t - a chunk of flesh


   Skills:
 + Level 4.6(4.2) Fighting
 + Level 5.0(4.6) Axes
 + Level 3.5(3.2) Armour
 + Level 2.5(2.1) Dodging


You had 4 spell levels left.
You didn't know any spells.

Dungeon Overview and Level Annotations

Branches:
Dungeon (3/15)

Altars:
Ashenzari
Pakellas


Message History

You are too injured to fight recklessly!
You are too injured to fight recklessly!
You are too injured to fight recklessly!
You are too injured to fight recklessly!
You are too injured to fight recklessly!
You closely miss the wight. You hit the wight.
The wight is moderately damaged.
You hit the wight.
The wight is moderately damaged.
You barely miss the wight.
The wight is moderately damaged.
The wight hits you with an enchanted hand axe.
* * * LOW HITPOINT WARNING * * *
The wight barely misses you.
You hit the wight.
The wight is severely damaged.
You slash the wight!
The wight is almost destroyed.
The wight hits you with an enchanted falchion!
You die...

#......# .......
#.####.#### ...... #<#
#..... ..... #.# ######
#...########.##
#...#......#..#
#z..#.####.##.#
#..z#.####.##.########
####...#@##....).<.......
........zz.....##...###...
.....?.........####.# #...
...............# #.###...
#####...######## #.......
...... ##.##### #..>...
#.# #...... #.# ###...
##.##


You could see 2 wights.

Vanquished Creatures
  2 wights (D:3)
  2 adders (D:2)
  An ooze (D:3)
  A worm (D:2)
  2 giant geckos
  2 ball pythons
  3 giant cockroaches
  8 goblins
  4 hobgoblins
  5 kobolds
  2 bats (D:2)
  2 giant newts
  2 rats
36 creatures vanquished.

Notes
Turn   | Place    | Note
--------------------------------------------------------------
     0 | D:1      | nikopol the Hill Orc Berserker began the quest for the Orb.
     0 | D:1      | Reached XP level 1. HP: 19/19 MP: 1/1
   283 | D:1      | Reached XP level 2. HP: 15/27 MP: 2/2
  1346 | D:2      | Reached XP level 3. HP: 32/33 MP: 3/3
  1535 | D:2      | Found a shattered altar of Ashenzari.
  1862 | D:2      | Reached ** piety under Trog
  2225 | D:3      | Reached XP level 4. HP: 40/40 MP: 4/4
  2254 | D:3      | Found an oddly glowing altar of Pakellas.
  2325 | D:3      | Reached skill level 5 in Axes
  2325 | D:3      | Reached XP level 5. HP: 36/47 MP: 5/5
  2330 | D:3      | Slain by a wight

Skill      XL: |  1  2  3  4 |
---------------+-------------+-----
Dodging        | 2 |  2.5
Fighting       | 4 |  4.6
Armour         | 3 |  3.5
Axes           | 5 |  5.0

Action                   |  1- 3 |  4- 6 || total
-------------------------+-------+-------++-------
Melee: Hand axe          |   132 |    20 ||   152
Invok: Berserk           |       |     1 ||     1
  Eat: Chunk             |     4 |       ||     4
Armor: Scale mail        |    55 |     4 ||    59
Dodge: Dodged            |    73 |     7 ||    80
